[Event "Titled Tuesday Blitz January 03 Early 2023"]
[White "Pourkashiyan, Atousa"]
[Black "Tatarinov, Dmitry"]
[WhiteFideId "12502014"]
[BlackFideId "24160067"]
[WhiteElo "2282"]
[BlackElo "2310"]
[Result "1/2-1/2"]
[Round "01"]
[TimeControl "180+2"]
[Date "2023.01.03"]
[WhiteClock "0:00:10"]
[BlackClock "0:00:16"]

1. e4 c5 2. Nf3 d6 3. d4 cxd4 4. Nxd4 Nf6 5. Nc3 a6 6. Be2 e6 7. O-O Qc7 8. Be3 Nbd7 9. f4 Be7 10. Qe1 Nb6 11. Qg3 Nc4 12. Bxc4 Qxc4 13. Rae1 g6 14. Kh1 b5 15. e5 Nh5 16. Qf3 d5 17. f5 exf5 18. Nxd5 Bb7 19. Nf6+ Bxf6 20. Qxb7 O-O 21. exf6 Nxf6 22. Qf3 Rfe8 23. Nxf5 gxf5 24. Qxf5 Re6 25. Bh6 Qg4 26. Qf2 Rxe1 27. Rxe1 Ne4 28. Qe3 Re8 29. Bf4 Qg6 30. Kg1 h5 31. h4 Kh7 32. Qf3 Re6 33. c3 a5 34. Re3 a4 35. Qe2 f5 36. g3 a3 37. bxa3 Qe8 38. Kh2 Rc6 39. Qf3 Qf7 40. Bg5 Rg6 41. Qf4 Nxg5 42. hxg5 h4 43. gxh4 Kg8 44. Kg3 Rc6 45. Qe5 Rc4 46. Qe8+ Kg7 47. Qxf7+ Kxf7 48. Rf3 Rg4+ 49. Kh3 Kg6 50. Re3 Rc4 51. Re6+ Kf7 52. Re3 f4 53. Rd3 Kg6 54. Kg4 f3+ 55. Kxf3 Rxh4 56. Rd5 Rc4 57. Rxb5 Rxc3+ 58. Kf4 Rxa3 59. Rb6+ Kg7 60. Kf5 Rxa2 61. Rb7+ Kg8 62. Kg6 Ra6+ 63. Kh5 Rc6 64. Rd7 Ra6 65. g6 Ra1 66. Kh6 Rh1+ 67. Kg5 Rg1+ 68. Kf5 Rf1+ 69. Kg5 Rg1+ 70. Kf5 Rf1+ 71. Kg5 Rg1+ 1/2-1/2


[Site "https://www.chess.com"]

[Event "Titled Tuesday Blitz January 03 Early 2023"]
[White "Leiva, Gianmarco"]
[Black "Jiganchine, Roman"]
[WhiteFideId "3804399"]
[BlackFideId "2603667"]
[WhiteElo "2392"]
[BlackElo "2205"]
[Result "1-0"]
[Round "01"]
[TimeControl "180+2"]
[Date "2023.01.03"]
[WhiteClock "0:00:05"]
[BlackClock "0:00:01"]

1. d4 d5 2. c4 e6 3. Nc3 Nf6 4. Nf3 c5 5. cxd5 cxd4 6. Qxd4 exd5 7. Bg5 Be7 8. e3 O-O 9. Rd1 Be6 10. Qd2 Nc6 11. Bd3 h6 12. Bh4 Qb6 13. O-O Rfd8 14. Bb1 Ne4 15. Qc2 Nb4 16. Qe2 Bxh4 17. Nxh4 Nf6 18. Nf3 Rac8 19. h3 Nc6 20. Nd4 Nxd4 21. Rxd4 Rc4 22. Rfd1 Rb4 23. b3 a5 24. Qd2 Rxd4 25. Qxd4 Qb4 26. Qxb4 axb4 27. Ne2 Rc8 28. Rd4 Ne4 29. Rxb4 Nc3 30. Nxc3 Rxc3 31. Kh2 Rc1 32. Bd3 Rd1 33. Rd4 Ra1 34. a4 b6 35. Kg3 g6 36. Rb4 Kg7 37. Rxb6 Ra3 38. Be2 d4 39. exd4 Bxb3 40. Bf3 Bd5 41. Ra6 Bxf3 42. gxf3 Rd3 43. Rd6 Ra3 44. Ra6 Rd3 45. Kf4 Rxd4+ 46. Kg3 Rd2 47. f4 h5 48. Kf3 Ra2 49. Ra7 Ra3+ 50. Kg2 Ra2 51. h4 Ra3 52. a5 Kf6 53. a6 Ke6 54. Ra8 Kf6 55. a7 Kg7 56. Kf1 Kh7 57. Ke2 Kg7 58. Kd2 Ra2+ 59. Kd3 Ra3+ 60. Ke4 Ra4+ 61. Ke5 Ra5+ 62. Kd6 Ra1 63. f5 gxf5 64. Ke5 Ra5+ 65. Kf4 Kf6 66. Kf3 Ra3+ 67. Kg2 Ra4 68. f3 Ra3 69. Kg3 Ra4 70. Kf2 Ra3 71. Ke2 Ra4 72. Kd3 Ra1 73. Kd4 Ra4+ 74. Kd5 Ra5+ 75. Kc6 Ra1 76. Kd7 Rd1+ 77. Ke8 Re1+ 78. Kf8 Ra1 79. Kg8 Ra6 80. Kh7 Ra5 81. Kh6 Ra6 82. Kxh5 Kg7 83. Kg5 Ra5 84. h5 f6+ 85. Kf4 Kh7 86. Ke3 1-0


[Site "https://www.chess.com"]

[Event "Titled Tuesday Blitz January 03 Early 2023"]
[White "Kovacsy, Barnabas"]
[Black "Salimova, Nurgyul"]
[WhiteFideId "769290"]
[BlackFideId "2915138"]
[WhiteElo "2245"]
[BlackElo "2391"]
[Result "1/2-1/2"]
[Round "01"]
[TimeControl "180+2"]
[Date "2023.01.03"]
[WhiteClock "0:00:18"]
[BlackClock "0:00:04"]

1. e4 c6 2. d4 d5 3. Nc3 dxe4 4. Nxe4 Nf6 5. Nxf6+ exf6 6. c3 Bd6 7. Bd3 O-O 8. Ne2 Re8 9. Qc2 h5 10. O-O h4 11. h3 Nd7 12. Bd2 Nf8 13. Rad1 Be6 14. Nf4 Bxf4 15. Bxf4 Qa5 16. b3 Rad8 17. c4 Qh5 18. Be2 Qf5 19. Qxf5 Bxf5 20. Bf3 Be4 21. Bxe4 Rxe4 22. Be3 b6 23. Rd3 f5 24. f3 Re7 25. Bf2 Red7 26. Rfd1 g5 27. Kf1 Ne6 28. Be3 f4 29. Bf2 Ng7 30. Ke2 Nf5 31. d5 c5 32. Kd2 Re7 33. Re1 Rxe1 34. Kxe1 Kg7 35. Kd1 Kf6 36. Rd2 Nd6 37. Kc2 Re8 38. Kd3 Kf5 39. Re2 Rxe2 40. Kxe2 Ke5 41. Kd3 f6 42. Be1 Kf5 43. a3 a5 44. b4 axb4 45. axb4 Kg6 46. Bf2 Nb7 47. bxc5 bxc5 48. Ke4 Nd6+ 49. Kd3 Nb7 50. Ke4 Nd6+ 51. Kd3 Nb7 1/2-1/2


[Site "https://www.chess.com"]

[Event "Titled Tuesday Blitz January 03 Early 2023"]
[White "Rahman, Ziaur"]
[Black "Ovezdurdyyeva, Jemal"]
[WhiteFideId "10200037"]
[BlackFideId "14001888"]
[WhiteElo "2464"]
[BlackElo "2078"]
[Result "0-1"]
[Round "01"]
[TimeControl "180+2"]
[Date "2023.01.03"]
[WhiteClock "0:00:51"]
[BlackClock "0:00:44"]

1. Nf3 Nf6 2. g3 e6 3. Bg2 d5 4. O-O Be7 5. c4 c6 6. b3 O-O 7. Bb2 Nbd7 8. Nc3 Qc7 9. Rc1 Qb8 10. d4 Ne4 11. Nxe4 dxe4 12. Ne5 f5 13. f3 exf3 14. exf3 Bf6 15. Nxd7 Bxd7 16. f4 Qd6 17. c5 Qe7 18. b4 Rfd8 19. Qb3 Be8 20. Rcd1 Rd7 21. b5 cxb5 22. c6 bxc6 23. Bxc6 Rad8 24. Bxd7 Bxd7 25. Rfe1 a5 26. d5 Qc5+ 27. Kg2 a4 28. Qe3 Qxe3 29. Rxe3 Bxb2 30. Rb1 Bd4 31. Rd3 Bf6 32. Rc1 exd5 33. Kf2 d4 34. a3 Rc8 35. Rxc8+ Bxc8 36. Rd1 Be6 0-1


[Site "https://www.chess.com"]

[Event "Titled Tuesday Blitz January 03 Early 2023"]
[White "Lacasa Diaz, Jose Antonio"]
[Black "Maksimovic, Bojan"]
[WhiteFideId "2203375"]
[BlackFideId "14408120"]
[WhiteElo "2359"]
[BlackElo "2486"]
[Result "0-1"]
[Round "01"]
[TimeControl "180+2"]
[Date "2023.01.03"]
[WhiteClock "0:00:08"]
[BlackClock "0:00:18"]

1. e4 g6 2. d4 Bg7 3. Nc3 d6 4. Be3 a6 5. a4 b6 6. h4 h5 7. Nf3 Bb7 8. Bd3 Nd7 9. Ng5 e6 10. f3 Ne7 11. Qd2 d5 12. Ne2 c5 13. c3 e5 14. O-O O-O 15. a5 cxd4 16. cxd4 dxe4 17. Nxe4 Nd5 18. Bh6 exd4 19. Bxg7 Kxg7 20. Nxd4 Qxh4 21. Bc4 b5 22. Bxd5 Bxd5 23. Nc3 Bc4 24. Rfe1 Nf6 25. Nc6 Rac8 26. Qd6 Rfe8 27. Ne4 Nxe4 28. fxe4 Re6 29. Qd4+ Qf6 30. e5 Qg5 31. Na7 Rd8 32. Qf2 Rd2 33. Qf3 Bd5 0-1


[Site "https://www.chess.com"]

[Event "Titled Tuesday Blitz January 03 Early 2023"]
[White "Goltsev, Dmitry"]
[Black "Petrova, Irina"]
[WhiteFideId "24176710"]
[BlackFideId "14124122"]
[WhiteElo "2269"]
[BlackElo "2108"]
[Result "1-0"]
[Round "01"]
[TimeControl "180+2"]
[Date "2023.01.03"]
[WhiteClock "0:01:20"]
[BlackClock "0:01:11"]

1. e4 d6 2. Nf3 g6 3. Nc3 Bg7 4. d4 Nf6 5. h3 O-O 6. Be2 a6 7. a4 b6 8. O-O Bb7 9. e5 Nd5 10. Bg5 Nd7 11. exd6 cxd6 12. Ne4 N7f6 13. Bd3 Nxe4 14. Bxe4 Ne3 15. Qe1 Bxe4 16. Qxe3 d5 17. Nd2 h6 18. Bxh6 Bxc2 19. Rfc1 Bf5 20. Bxg7 Kxg7 21. b4 Re8 22. Rc6 Rc8 23. Rac1 Qd7 24. b5 axb5 25. axb5 Qa7 26. Nf3 Kg8 27. Qh6 f6 28. Rxc8 Rxc8 29. Rxc8+ Bxc8 30. Qxg6+ Kf8 31. Qh6+ Ke8 32. Qh5+ Kf8 33. Qh8+ 1-0


[Site "https://www.chess.com"]

[Event "Titled Tuesday Blitz January 03 Early 2023"]
[White "Leschinsky, Gary"]
[Black "Csonka, Balazs"]
[WhiteFideId "30951321"]
[BlackFideId "742910"]
[WhiteElo "1969"]
[BlackElo "2496"]
[Result "1-0"]
[Round "01"]
[TimeControl "180+2"]
[Date "2023.01.03"]
[WhiteClock "0:00:48"]
[BlackClock "0:00:02"]

1. d4 Nf6 2. c4 c5 3. d5 b5 4. cxb5 a6 5. e3 axb5 6. Bxb5 Qa5+ 7. Nc3 Bb7 8. Bd2 Qb6 9. Nf3 Nxd5 10. a4 Nc7 11. a5 Qg6 12. O-O e6 13. Be2 Be7 14. e4 d6 15. Nb5 Nca6 16. Bc3 Bxe4 17. Nxd6+ Bxd6 18. Qxd6 Nc6 19. Rfd1 Rd8 20. Qf4 Rxd1+ 21. Rxd1 Nab8 22. Qd6 e5 23. Qxc5 Qe6 24. Nxe5 Qe7 25. Nxc6 Nxc6 26. Qxe7+ Kxe7 27. b4 Ra8 28. f3 Bf5 29. Ra1 Bd7 30. b5 Nb8 31. a6 1-0


[Site "https://www.chess.com"]

[Event "Titled Tuesday Blitz January 03 Early 2023"]
[White "HSH1987"]
[Black "Kusa, Jakub"]
[BlackFideId "395595"]
[WhiteElo "2675"]
[BlackElo "2366"]
[Result "1-0"]
[Round "01"]
[TimeControl "180+2"]
[Date "2023.01.03"]
[WhiteClock "0:01:17"]
[BlackClock "0:00:17"]

1. Nf3 Nf6 2. g3 e6 3. Bg2 d5 4. O-O c5 5. d4 cxd4 6. b3 Nc6 7. Nxd4 Bd6 8. c4 O-O 9. Bb2 Nxd4 10. Qxd4 e5 11. Qd2 d4 12. e3 dxe3 13. Qxe3 Qc7 14. Nc3 a6 15. Rfe1 Be6 16. Rad1 Rad8 17. h3 Rd7 18. Nd5 Bxd5 19. Bxd5 Nxd5 20. Rxd5 Bb4 21. Red1 Rxd5 22. Rxd5 f6 23. Qd3 Qc6 24. a3 Bc5 25. b4 Ba7 26. c5 a5 27. Rd6 Qa4 28. Qd5+ Kh8 29. Rd8 Re8 30. c6 Bxf2+ 31. Kg2 Qxc6 32. Qxc6 1-0


[Site "https://www.chess.com"]

[Event "Titled Tuesday Blitz January 03 Early 2023"]
[White "Vasques, Antonio Pedro Freixial"]
[Black "Liyanage, Ranindu Dilshan"]
[WhiteFideId "1908332"]
[BlackFideId "9915834"]
[WhiteElo "2214"]
[BlackElo "2342"]
[Result "0-1"]
[Round "01"]
[TimeControl "180+2"]
[Date "2023.01.03"]
[WhiteClock "0:00:06"]
[BlackClock "0:00:12"]

1. e4 e5 2. Nf3 Nc6 3. Bc4 Nf6 4. d3 h6 5. Nbd2 g5 6. Nf1 d5 7. exd5 Nxd5 8. Ng3 Be6 9. Qe2 f6 10. h3 Qd7 11. Ne4 Qf7 12. Bd2 O-O-O 13. O-O-O f5 14. Bxd5 Bxd5 15. Nc3 Bg7 16. Kb1 Be6 17. Be3 Rhe8 18. Nd2 Nd4 19. Qe1 f4 20. Bxd4 exd4 21. Nce4 Bxa2+ 22. Kc1 Be6 23. g4 Rd5 24. Nc4 Bf8 25. f3 Rb5 26. h4 Kb8 27. hxg5 hxg5 28. Rh5 Bxc4 29. dxc4 Qxc4 30. Rxg5 Rxg5 31. Qh4 Ra5 32. g5 Bb4 33. c3 dxc3 34. g6 cxb2+ 35. Kxb2 Ra2+ 0-1


[Site "https://www.chess.com"]

[Event "Titled Tuesday Blitz January 03 Early 2023"]
[White "Averjanov, Alexey"]
[Black "Perez Rodriguez, Jennifer"]
[WhiteFideId "14109867"]
[BlackFideId "3507831"]
[WhiteElo "2399"]
[BlackElo "2242"]
[Result "1-0"]
[Round "01"]
[TimeControl "180+2"]
[Date "2023.01.03"]
[WhiteClock "0:01:00"]
[BlackClock "0:00:13"]

1. d4 d5 2. c4 c6 3. e3 Nf6 4. Bd3 e6 5. Nd2 Nbd7 6. Ngf3 Bd6 7. O-O O-O 8. e4 e5 9. cxd5 cxd5 10. exd5 exd4 11. Ne4 Nxe4 12. Bxe4 Nf6 13. Qxd4 Nxe4 14. Qxe4 Re8 15. Qd4 Bf5 16. Re1 Rxe1+ 17. Nxe1 Qe7 18. Bf4 Bc5 19. Qd2 Rd8 20. Rd1 Bd6 21. Bxd6 Qxd6 22. Nf3 Be4 23. Qe3 Bxf3 24. Qxf3 Qe5 25. b3 h6 26. Qd3 Rd6 27. g3 Qb2 28. Rd2 Qe5 29. Kg2 h5 30. h4 g6 31. a4 Qe1 32. Re2 Qb4 33. Re8+ Kg7 34. Re7 a5 35. Qc4 Qd2 36. Rxb7 Rxd5 37. Rb5 Rxb5 38. axb5 Qd1 39. b6 Qd6 40. Qb5 1-0


[Site "https://www.chess.com"]

[Event "Titled Tuesday Blitz January 03 Early 2023"]
[White "Silva Lucena, Cristian"]
[Black "Martynov, Pavel"]
[WhiteFideId "2232588"]
[BlackFideId "4101260"]
[WhiteElo "2285"]
[BlackElo "2414"]
[Result "1-0"]
[Round "01"]
[TimeControl "180+2"]
[Date "2023.01.03"]
[WhiteClock "0:00:08"]
[BlackClock "0:00:03"]

1. e4 c5 2. Nf3 e6 3. d4 cxd4 4. Nxd4 Nc6 5. Nc3 Qc7 6. g3 a6 7. Bg2 d6 8. O-O Bd7 9. Re1 Be7 10. Be3 h5 11. Nxc6 bxc6 12. Na4 Rb8 13. c4 c5 14. Qc2 h4 15. Nc3 Bf6 16. Rac1 Ne7 17. b3 g6 18. Red1 Bc6 19. Bf4 Rd8 20. Qd2 Nc8 21. Bg5 Be7 22. Re1 f6 23. Be3 Kf7 24. Rcd1 Qd7 25. Bf4 Qe8 26. Qe2 Qg8 27. gxh4 Rxh4 28. Bg3 Rh8 29. f4 e5 30. Nd5 Bxd5 31. exd5 Kg7 32. Rf1 Rf8 33. Rde1 Qh7 34. Qd2 Qh5 35. Qa5 Bd8 36. Qxa6 Ne7 37. Qxd6 Nf5 38. Qxc5 Nxg3 39. hxg3 Rf7 40. Qe3 exf4 41. Qxf4 Qh2+ 42. Kf2 Bb6+ 43. Kf3 g5 44. Qf5 Qh5+ 45. g4 Qh2 46. Re6 Bd4 47. d6 Be5 48. Re7 Qg3+ 49. Ke4 Qxg2+ 50. Rf3 Qe2+ 51. Kd5 Qd1+ 52. Rd3 Qh1+ 53. Rf3 Rxe7 54. dxe7 Re8 55. Ke6 Qd1 56. Rd3 Qh1 57. Rd5 Qh8 58. Kd7 Qg8 59. Qe6 Qf7 60. Rc5 Qg6 61. Rc8 Rxc8 62. Kxc8 Qe8+ 63. Kb7 Bc3 64. c5 Bb4 65. c6 Bxe7 66. c7 Qb5+ 67. Qb6 Qd5+ 68. Qc6 Qf7 69. c8=Q Bd6+ 70. Ka6 Be5 71. Q8d7 Kg6 72. Qxf7+ Kxf7 73. Qe4 1-0


[Site "https://www.chess.com"]

[Event "Titled Tuesday Blitz January 03 Early 2023"]
[White "Blanco Ronquillo, Humberto L."]
[Black "Gutkin, Ilya"]
[WhiteFideId "3504239"]
[BlackFideId "16203470"]
[WhiteElo "2442"]
[BlackElo "2273"]
[Result "1-0"]
[Round "01"]
[TimeControl "180+2"]
[Date "2023.01.03"]
[WhiteClock "0:00:52"]
[BlackClock "0:00:14"]

1. e4 e6 2. d4 d5 3. Nd2 c5 4. exd5 exd5 5. Bb5+ Nc6 6. Ngf3 Qe7+ 7. Be2 cxd4 8. O-O Nf6 9. Nb3 Qc7 10. Nfxd4 a6 11. Bg5 Bd6 12. h3 Ne4 13. Be3 O-O 14. c3 f5 15. Nc2 Qf7 16. f3 Ng3 17. Re1 f4 18. Bf2 Nxe2+ 19. Rxe2 Ne5 20. Nb4 Bxb4 21. cxb4 Nc6 22. Qd2 Bf5 23. Qxf4 Bd3 24. Qxf7+ Rxf7 25. Rd2 Bc4 26. Bc5 Nxb4 27. Bxb4 1-0


[Site "https://www.chess.com"]

[Event "Titled Tuesday Blitz January 03 Early 2023"]
[White "Shtompel, Yuriy"]
[Black "Velikanov, Alexander"]
[WhiteFideId "14168278"]
[BlackFideId "2039290"]
[WhiteElo "1938"]
[BlackElo "2339"]
[Result "0-1"]
[Round "01"]
[TimeControl "180+2"]
[Date "2023.01.03"]
[WhiteClock "0:00:39"]
[BlackClock "0:00:59"]

1. e4 c5 2. Nf3 d6 3. d4 cxd4 4. Nxd4 Nf6 5. Nc3 Nc6 6. Be3 e5 7. Nxc6 bxc6 8. Bc4 Be7 9. O-O O-O 10. Qd3 Ng4 11. Bd2 Qb6 12. h3 Nf6 13. Bb3 Ba6 14. Qg3 Bxf1 15. Rxf1 Kh8 16. Bg5 a5 17. a4 Nh5 18. Qh4 Bxg5 19. Qxh5 Bd2 20. Ne2 g6 21. Qh4 Kg7 22. Ng3 Qd8 23. Qg4 Kh8 24. Rd1 Bf4 25. Ne2 Bh6 26. h4 f5 27. exf5 gxf5 28. Qh5 Qf6 29. Ng3 d5 30. Nxf5 Qxf5 31. Qxh6 Qxf2+ 32. Kh1 Rf4 33. Rd3 0-1


[Site "https://www.chess.com"]

[Event "Titled Tuesday Blitz January 03 Early 2023"]
[White "Bayramov, Zaur"]
[Black "Mihailidis, Anastasios"]
[WhiteFideId "13405080"]
[BlackFideId "4205588"]
[WhiteElo "2276"]
[BlackElo "2208"]
[Result "1/2-1/2"]
[Round "01"]
[TimeControl "180+2"]
[Date "2023.01.03"]
[WhiteClock "0:00:30"]
[BlackClock "0:00:11"]

1. e4 c5 2. Nf3 d6 3. d4 cxd4 4. Nxd4 Nf6 5. Nc3 g6 6. Bb5+ Bd7 7. Bxd7+ Qxd7 8. O-O Bg7 9. Re1 O-O 10. h3 Nc6 11. Nb3 Rfd8 12. Nd5 h6 13. Nxf6+ exf6 14. Be3 b6 15. c4 Qe6 16. Rc1 Rac8 17. a3 f5 18. exf5 Qxf5 19. Nd4 Nxd4 20. Bxd4 Qf4 21. Bxg7 Kxg7 22. g3 Qf5 23. Qd4+ Kg8 24. Kg2 d5 25. c5 bxc5 26. Rxc5 Rxc5 27. Qxc5 Qf6 28. b4 d4 29. Qe7 Qxe7 30. Rxe7 d3 31. Re1 d2 32. Rd1 Rd3 33. Kf1 Rxa3 34. Rxd2 Rb3 35. Rd4 Kg7 36. Kg2 h5 37. h4 Rb2 38. Rf4 Rb3 39. Kf1 Rb2 40. Ke1 Kf8 41. Kd1 Ke7 42. Kc1 Re2 43. Kd1 Rb2 44. Ke1 f6 45. Rd4 Ke6 46. Kf1 Ke5 47. Rd7 Rxb4 48. Rxa7 Rb5 49. Kg2 Kf5 50. Rf7 Ke6 51. Rg7 Kf5 52. Kh3 g5 53. hxg5 fxg5 54. Rh7 Kg6 55. Rh8 Rb2 56. Kg2 Kf5 57. Rxh5 Kg4 58. Rh8 Ra2 59. Rf8 Rb2 60. Re8 Ra2 61. Rb8 Rc2 62. Rb4+ Kf5 63. Ra4 Rb2 64. Kg1 Rb1+ 65. Kg2 Rb2 66. Ra3 Rc2 67. Kf3 Rb2 68. Rd3 Rc2 69. Ke3 Rb2 70. f3 Ra2 71. Rd5+ Kf6 72. f4 Ra3+ 73. Kf2 gxf4 74. gxf4 Ke6 75. Re5+ Kf6 76. Kg2 Rb3 77. Kf2 Ra3 78. Re3 Rxe3 79. Kxe3 Kf5 80. Kf3 Kf6 81. Kg4 Kg6 82. f5+ Kf6 83. Kf4 Kf7 84. Kg5 Kg7 85. Kg4 Kf6 86. Kf4 Kf7 87. Ke5 Ke7 88. f6+ Kf7 89. Kd5 Kxf6 1/2-1/2


[Site "https://www.chess.com"]

[Event "Titled Tuesday Blitz January 03 Early 2023"]
[White "Dardha, Arben"]
[Black "Ilkhomi, Jaloliddin"]
[WhiteFideId "4700481"]
[BlackFideId "14700948"]
[WhiteElo "2262"]
[BlackElo "1997"]
[Result "0-1"]
[Round "01"]
[TimeControl "180+2"]
[Date "2023.01.03"]
[WhiteClock "0:00:29"]
[BlackClock "0:01:56"]

1. e4 e6 2. d4 d5 3. Nd2 Nf6 4. e5 Nfd7 5. c3 c5 6. Bd3 Nc6 7. Ne2 cxd4 8. cxd4 f6 9. exf6 Qxf6 10. Nf3 h6 11. O-O Bd6 12. Be3 O-O 13. Rc1 Rf7 14. Bb1 Nf8 15. Ng3 Rc7 16. Qd3 Bd7 17. Nh4 Rac8 18. Ng6 Nb4 19. Qe2 Nxg6 20. Rxc7 Rxc7 21. Nh5 Qf7 22. Qg4 Nc2 23. Bd2 Qf5 24. Qd1 Bb5 25. Ng3 Bxg3 26. Bxc2 Qxc2 27. Qxc2 Rxc2 28. Rd1 Be2 29. Rc1 Rxc1+ 30. Bxc1 Bf4 0-1


[Site "https://www.chess.com"]

[Event "Titled Tuesday Blitz January 03 Early 2023"]
[White "Shuvalova, Polina"]
[Black "Mazibuko, Khanya"]
[WhiteFideId "24171760"]
[BlackFideId "14321041"]
[WhiteElo "2484"]
[BlackElo "1913"]
[Result "1-0"]
[Round "01"]
[TimeControl "180+2"]
[Date "2023.01.03"]
[WhiteClock "0:02:06"]
[BlackClock "0:01:25"]

1. d4 Nf6 2. Nf3 d5 3. Bf4 c5 4. e3 Nc6 5. Nbd2 e6 6. c3 cxd4 7. exd4 Nh5 8. Be3 Bd6 9. g3 Nf6 10. Bd3 Ng4 11. Qe2 Nxe3 12. fxe3 O-O 13. e4 f6 14. O-O-O Bd7 15. Kb1 Rb8 16. g4 b5 17. g5 fxg5 18. e5 Be7 19. h4 g4 20. Ng5 h6 21. Qxg4 b4 22. Nxe6 Bxe6 23. Qxe6+ Kh8 24. Qg6 1-0


[Site "https://www.chess.com"]

[Event "Titled Tuesday Blitz January 03 Early 2023"]
[White "Babikov, Ivan"]
[Black "Demin, Vladimir"]
[WhiteFideId "4161106"]
[BlackFideId "4167457"]
[WhiteElo "2239"]
[BlackElo "2430"]
[Result "0-1"]
[Round "01"]
[TimeControl "180+2"]
[Date "2023.01.03"]
[WhiteClock "0:00:14"]
[BlackClock "0:00:43"]

1. d4 Nf6 2. Bg5 d5 3. Bxf6 gxf6 4. e3 c5 5. Nf3 Nc6 6. c3 e5 7. Be2 Rg8 8. g3 Bh3 9. Na3 cxd4 10. exd4 Bxa3 11. bxa3 Qa5 12. Qd2 O-O-O 13. Rb1 Qxa3 14. Rb3 Qa5 15. Qb2 Bg2 16. Rg1 Bxf3 17. Bxf3 Nxd4 18. Rxb7 Nxf3+ 19. Kf1 Qa6+ 20. Rb5 Nxg1 21. Qb4 Nf3 22. Qc5+ Kd7 23. Qxd5+ Ke7 24. Qc5+ Rd6 25. Kg2 Rd8 26. Kxf3 Qc6+ 0-1


[Site "https://www.chess.com"]

[Event "Titled Tuesday Blitz January 03 Early 2023"]
[White "Darini, Pouria"]
[Black "Mayaud, Raphael"]
[WhiteFideId "12502200"]
[BlackFideId "627151"]
[WhiteElo "2401"]
[BlackElo "2201"]
[Result "1-0"]
[Round "01"]
[TimeControl "180+2"]
[Date "2023.01.03"]
[WhiteClock "0:01:40"]
[BlackClock "0:00:01"]

1. e4 d5 2. exd5 Qxd5 3. Nc3 Qa5 4. d4 c6 5. Nf3 Nf6 6. Bc4 Bf5 7. Ne5 e6 8. Qe2 Nbd7 9. O-O Be7 10. Re1 Nxe5 11. dxe5 Nd5 12. Ne4 Bxe4 13. Qxe4 O-O 14. c3 Rfd8 15. h4 Bf8 16. h5 Ne7 17. Bg5 Rd7 18. Rad1 Rad8 19. Rd3 Rxd3 20. Bxd3 g6 21. hxg6 hxg6 22. Bf6 Nd5 23. Bxd8 Qxd8 24. g3 Bc5 25. Kg2 Ne7 26. Re2 Qd5 27. b4 Bb6 28. a4 a5 29. bxa5 Bxa5 30. c4 Qxe4+ 31. Bxe4 Bc3 32. f4 b6 33. Re3 Bd4 34. Rd3 c5 35. Rb3 Nc8 36. Bb7 1-0


[Site "https://www.chess.com"]

[Event "Titled Tuesday Blitz January 03 Early 2023"]
[White "Zanette, Edgard Vinicius"]
[Black "Khoroshev, Nikita"]
[WhiteFideId "2109263"]
[BlackFideId "14200287"]
[WhiteElo "2085"]
[BlackElo "2336"]
[Result "1-0"]
[Round "01"]
[TimeControl "180+2"]
[Date "2023.01.03"]
[WhiteClock "0:01:13"]
[BlackClock "0:00:08"]

1. e4 c5 2. Nf3 e6 3. c3 Nf6 4. Bd3 Nc6 5. Bc2 d5 6. e5 Nd7 7. d4 h6 8. a3 c4 9. b3 cxb3 10. Bxb3 b6 11. O-O Ba6 12. Re1 g5 13. Nfd2 Na5 14. Ba2 Rc8 15. Bb2 h5 16. Nf1 g4 17. Nbd2 Bh6 18. Rc1 Qg5 19. Ne3 Rg8 20. Qa4 Bb7 21. c4 dxc4 22. Ndxc4 Nxc4 23. Nxc4 Bf8 24. Qxa7 Rb8 25. Nxb6 g3 26. hxg3 h4 27. Nxd7 Kxd7 28. Qxb8 Bxg2 29. Rc7# 1-0


[Site "https://www.chess.com"]

[Event "Titled Tuesday Blitz January 03 Early 2023"]
[White "Rostomyan, Mikayel"]
[Black "Gressmann, Moritz"]
[WhiteFideId "13313754"]
[BlackFideId "24695084"]
[WhiteElo "2222"]
[BlackElo "2129"]
[Result "1-0"]
[Round "01"]
[TimeControl "180+2"]
[Date "2023.01.03"]
[WhiteClock "0:01:39"]
[BlackClock "0:01:12"]

1. d4 d5 2. Nf3 Nf6 3. c4 c6 4. e3 e6 5. Nc3 Be7 6. b3 O-O 7. Bb2 b6 8. Bd3 Ba6 9. O-O dxc4 10. bxc4 Nbd7 11. Qc2 h6 12. e4 e5 13. Nxe5 Nxe5 14. dxe5 Nd7 15. Ne2 Qc7 16. f4 Rad8 17. Ng3 Nc5 18. Be2 Nb7 19. Nf5 Bc5+ 20. Kh1 Rfe8 21. Qc3 Kh7 22. Nxg7 Kxg7 23. e6+ Kf8 24. Qg7+ Ke7 25. Qxf7+ 1-0


[Site "https://www.chess.com"]

[Event "Titled Tuesday Blitz January 03 Early 2023"]
[White "Bashirli, Saadat"]
[Black "Krysa, Leandro"]
[WhiteFideId "13429990"]
[BlackFideId "116807"]
[WhiteElo "1571"]
[BlackElo "2541"]
[Result "0-1"]
[Round "01"]
[TimeControl "180+2"]
[Date "2023.01.03"]
[WhiteClock "0:01:43"]
[BlackClock "0:02:02"]

1. d4 d5 2. c4 c6 3. Nc3 Nf6 4. Nf3 dxc4 5. e4 b5 6. Qc2 e6 7. a4 a6 8. axb5 cxb5 9. Nxb5 axb5 10. Rxa8 Bb7 11. Ra7 Bxe4 12. Qc3 Nc6 13. Ra6 Bb4 14. Bd2 Bxc3 15. Bxc3 Bxf3 16. gxf3 Qc8 17. Ra1 b4 18. Bd2 Nxd4 0-1


[Site "https://www.chess.com"]

[Event "Titled Tuesday Blitz January 03 Early 2023"]
[White "McCoy, Owen"]
[Black "Zaichenko, Daria"]
[WhiteFideId "30924502"]
[BlackFideId "4197453"]
[WhiteElo "2085"]
[BlackElo "2104"]
[Result "1-0"]
[Round "01"]
[TimeControl "180+2"]
[Date "2023.01.03"]
[WhiteClock "0:00:15"]
[BlackClock "0:00:04"]

1. d4 d5 2. Nf3 Bf5 3. c4 e6 4. Nc3 Nf6 5. Bg5 Be7 6. Bxf6 Bxf6 7. cxd5 exd5 8. Qb3 c6 9. Qxb7 O-O 10. Qxa8 Qc7 11. Rc1 Na6 12. Qxf8+ Kxf8 13. e3 Nb4 14. a3 Nd3+ 15. Bxd3 Bxd3 16. Nxd5 Qa5+ 17. Nb4 Be7 18. Kd2 Be4 19. Kc3 c5 20. dxc5 Bf6+ 21. Kb3 Qb5 22. c6 Bd5+ 23. Kc2 Qe2+ 24. Nd2 Be4+ 25. Kb3 Qxd2 26. c7 Qxb2+ 27. Ka4 Bb7 28. c8=Q+ Bxc8 29. Rxc8+ Ke7 30. Rhc1 Be5 31. R1c2 Qb1 32. f4 Bd6 33. Nc6+ Kf6 34. Nd4 Qb6 35. R8c6 Qb8 36. g4 Ke7 37. Rc7+ Bxc7 38. Nc6+ Kd7 39. Nxb8+ Bxb8 40. Kb5 Bd6 41. a4 1-0


[Site "https://www.chess.com"]

[Event "Titled Tuesday Blitz January 03 Early 2023"]
[White "Kaminski, Victor"]
[Black "Volkov, Maksim"]
[WhiteFideId "1131630"]
[BlackFideId "54123070"]
[WhiteElo "2247"]
[BlackElo "2258"]
[Result "0-1"]
[Round "01"]
[TimeControl "180+2"]
[Date "2023.01.03"]
[WhiteClock "0:00:09"]
[BlackClock "0:00:08"]

1. e4 c5 2. Nf3 d6 3. d4 cxd4 4. Nxd4 Nf6 5. Nc3 a6 6. Be2 e5 7. Nf3 Be7 8. Nd2 b5 9. a4 b4 10. Nd5 Nxd5 11. exd5 O-O 12. O-O a5 13. Nc4 Nd7 14. f4 e4 15. Be3 f5 16. Rc1 Ba6 17. c3 Rb8 18. cxb4 Rxb4 19. b3 g5 20. Bd2 Bxc4 21. Bxc4 gxf4 22. Bxb4 axb4 23. Qd2 Bg5 24. Qxb4 f3 25. Qxd6 Be3+ 26. Kh1 fxg2+ 27. Kxg2 Rf6 28. Qb4 Rg6+ 29. Kh1 Bxc1 30. d6+ Kf8 31. Rxf5+ Rf6 32. Rxf6+ Qxf6 33. Qe1 Qf4 34. Qf1 Qxf1+ 35. Bxf1 Ba3 36. a5 Bxd6 37. a6 Bc5 38. Bc4 Ke7 39. Kg2 Kd6 40. Bb5 Nb8 41. Bc4 Kc7 42. Bg8 h6 43. Bd5 e3 44. Bc4 Kb6 45. Kf3 Nxa6 46. Kg4 Ka5 47. Kh5 Bf8 48. Kg6 Nc5 49. Kf7 Bd6 50. Kg6 Bf4 51. h4 Nxb3 52. Kf5 Bg3 53. Bxb3 e2 54. Kg4 e1=Q 55. Bd5 Qd1+ 56. Bf3 Qg1 57. Kh3 Bf4 58. Bg2 Qh2+ 59. Kg4 Qg3+ 60. Kh5 Bg5 61. Bf3 Qxf3+ 62. Kg6 Bxh4 63. Kxh6 Qf4+ 64. Kh7 Qf5+ 65. Kg8 Qe6+ 66. Kh8 Qe7 67. Kg8 Bg5 68. Kh8 Bf6+ 69. Kg8 Qg7# 0-1


[Site "https://www.chess.com"]